[Event "CZE-ch 2020"]
[Site "Pilsen"]
[Date "2020.08.25"]
[Round "3.10"]
[White "Gloser, David"]
[Black "Sorm, Daniel"]
[Result "1/2-1/2"]
[ECO "E59"]
[WhiteElo "2248"]
[BlackElo "2343"]
[Annotator "ChessBase"]
[PlyCount "61"]
[EventDate "2020.08.23"]
[EventType "swiss"]
[EventCountry "CZE"]
[SourceTitle "playchess.com"]
[Source "ChessBase"]
[SourceQuality "1"]
[TimeControl "40/5400+30:1800+30"]

1. d4 Nf6 2. c4 e6 3. Nc3 Bb4 4. e3 O-O 5. Bd3 d5 6. Nf3 c5 7. O-O Nc6 8. a3 Bxc3 9. bxc3 dxc4 10. Bxc4 Qc7 11. Qe2 e5 12. Nxe5 Nxe5 13. dxe5 Qxe5 14. h3 Ne4 15. Bb2 Be6 16. Bxe6 Qxe6 17. c4 Rfd8 18. Rfd1 Rd6 19. f3 Ng3 20. Qf2 Rad8 21. Rd5 Nf5 22. e4 Ne7 23. Qxc5 Nxd5 24. cxd5 b6 25. Qd4 Qg6 26. Rc1 f6 27. Rc7 R6d7 28. Rc6 Qf7 29. Qc4 h6 30. a4 Qf8 31. Qc3 1/2-1/2

[Event "CZE-ch 2020"]
[Site "Pilsen"]
[Date "2020.08.25"]
[Round "3.11"]
[White "Cerveny, Petr"]
[Black "Zeman, Matyas"]
[Result "1/2-1/2"]
[ECO "C67"]
[WhiteElo "2340"]
[BlackElo "2250"]
[Annotator "ChessBase"]
[PlyCount "62"]
[EventDate "2020.08.23"]
[EventType "swiss"]
[EventCountry "CZE"]
[SourceTitle "playchess.com"]
[Source "ChessBase"]
[SourceQuality "1"]
[TimeControl "40/5400+30:1800+30"]

1. e4 e5 2. Nf3 Nc6 3. Bb5 Nf6 4. O-O Nxe4 5. Re1 Nd6 6. Nxe5 Be7 7. Bf1 Nf5 8. Nf3 O-O 9. d4 d5 10. c3 Re8 11. Bf4 Bd6 12. Rxe8+ Qxe8 13. Bxd6 Nxd6 14. Qb3 Be6 15. Nbd2 f6 16. Re1 Qd7 17. Bd3 Bf7 18. Qc2 g6 19. Nf1 Re8 20. Rxe8+ Qxe8 21. Ng3 Kg7 22. h4 Nd8 23. h5 Ne6 24. hxg6 hxg6 25. Ne2 Qh8 26. b3 Qh6 27. c4 dxc4 28. Bxc4 Nxc4 29. bxc4 Ng5 30. Nxg5 Qxg5 31. d5 Qe5 1/2-1/2

[Event "CZE-ch 2020"]
[Site "Pilsen"]
[Date "2020.08.25"]
[Round "3.12"]
[White "Nytra, Ondrej"]
[Black "Mica, Marek"]
[Result "0-1"]
[ECO "C02"]
[WhiteElo "1925"]
[BlackElo "2315"]
[Annotator "ChessBase"]
[PlyCount "72"]
[EventDate "2020.08.23"]
[EventType "swiss"]
[EventCountry "CZE"]
[SourceTitle "playchess.com"]
[Source "ChessBase"]
[SourceQuality "1"]
[TimeControl "40/5400+30:1800+30"]

1. e4 e6 2. d4 d5 3. e5 c5 4. c3 Nc6 5. Nf3 Bd7 6. Be2 Nge7 7. O-O cxd4 8. cxd4 Nf5 9. b3 Be7 10. Nc3 h5 11. Be3 Rc8 12. Bd3 Ncxd4 13. Nxd4 Nxe3 14. fxe3 Rxc3 15. Nb5 Rc5 16. Qf3 Bxb5 17. Qxf7+ Kd7 18. Bxb5+ Rxb5 19. Qxg7 Qg8 20. Rf7 Qxg7 21. Rxg7 Rf8 22. Rc1 b6 23. Rh7 Rf5 24. Rf1 Rxf1+ 25. Kxf1 h4 26. Kf2 Ra5 27. a4 b5 28. axb5 Rxb5 29. g4 hxg3+ 30. hxg3 Rxb3 31. g4 a5 32. g5 a4 33. g6 Rb8 34. g7 Rg8 35. Kf3 a3 36. Kf2 Ke8 0-1

[Event "CZE-ch 2020"]
[Site "Pilsen"]
[Date "2020.08.25"]
[Round "3.14"]
[White "Vorisek, Jakub"]
[Black "Michalik, Peter"]
[Result "0-1"]
[ECO "C88"]
[WhiteElo "2205"]
[BlackElo "2593"]
[Annotator "ChessBase"]
[PlyCount "64"]
[EventDate "2020.08.23"]
[EventType "swiss"]
[EventCountry "CZE"]
[SourceTitle "playchess.com"]
[Source "ChessBase"]
[SourceQuality "1"]
[TimeControl "40/5400+30:1800+30"]

1. e4 e5 2. Nf3 Nc6 3. Bb5 a6 4. Ba4 Nf6 5. O-O Be7 6. Re1 b5 7. Bb3 d6 8. h3 O-O 9. a4 Bb7 10. d3 Nd7 11. Be3 Na5 12. Ba2 bxa4 13. Nc3 Nb6 14. Bxb6 cxb6 15. Nxa4 Nc6 16. Bd5 b5 17. Nc3 Qd7 18. Qd2 Bd8 19. Nh2 Bb6 20. Ng4 Ne7 21. Qg5 Kh8 22. Nf6 gxf6 23. Qxf6+ Kg8 24. Bxb7 Qxb7 25. Nd5 Bd8 26. Qxd6 Ng6 27. Ra2 a5 28. b4 a4 29. c4 Rc8 30. Ne3 bxc4 31. dxc4 Qxe4 32. Rxa4 Rxc4 0-1

[Event "CZE-ch 2020"]
[Site "Pilsen"]
[Date "2020.08.25"]
[Round "3.15"]
[White "Simacek, Pavel"]
[Black "Ludvik, Tomas"]
[Result "1-0"]
[ECO "D31"]
[WhiteElo "2474"]
[BlackElo "2202"]
[Annotator "ChessBase"]
[PlyCount "61"]
[EventDate "2020.08.23"]
[EventType "swiss"]
[EventCountry "CZE"]
[SourceTitle "playchess.com"]
[Source "ChessBase"]
[SourceQuality "1"]
[TimeControl "40/5400+30:1800+30"]

1. d4 d5 2. c4 c6 3. Nc3 e6 4. e4 dxe4 5. Nxe4 Bb4+ 6. Bd2 Qxd4 7. Bxb4 Qxe4+ 8. Be2 Qxg2 9. Bf3 Qg5 10. Ne2 Nd7 11. Rg1 Qf6 12. Bc3 e5 13. Ng3 g6 14. Ne4 Qe6 15. Qd2 f5 16. Nd6+ Ke7 17. O-O-O Ngf6 18. Qg5 Kd8 19. Ba5+ Ke7 20. Rge1 Rg8 21. Bb4 Kd8 22. Ba5+ Ke7 23. Bh1 Kf8 24. Bc3 Rg7 25. f4 e4 26. Bxe4 h6 27. Qh4 g5 28. Qxh6 fxe4 29. Rxe4 Qg4 30. Bxf6 Nxf6 31. Qh8+ 1-0

[Event "CZE-ch 2020"]
[Site "Pilsen"]
[Date "2020.08.25"]
[Round "3.16"]
[White "Houska, Jiri"]
[Black "Malinovsky, Karel"]
[Result "0-1"]
[ECO "D58"]
[WhiteElo "2202"]
[BlackElo "2474"]
[Annotator "ChessBase"]
[PlyCount "88"]
[EventDate "2020.08.23"]
[EventType "swiss"]
[EventCountry "CZE"]
[SourceTitle "playchess.com"]
[Source "ChessBase"]
[SourceQuality "1"]
[TimeControl "40/5400+30:1800+30"]

1. d4 d5 2. c4 e6 3. Nc3 Be7 4. Nf3 Nf6 5. Bg5 h6 6. Bh4 O-O 7. e3 b6 8. Be2 Bb7 9. Bxf6 Bxf6 10. cxd5 exd5 11. b4 c6 12. O-O Re8 13. Qb3 a5 14. bxa5 Rxa5 15. a4 Nd7 16. Rab1 g6 17. h3 Bg7 18. Bd3 Bf8 19. Rfc1 Bd6 20. Qc2 Kg7 21. Nd2 Ra8 22. Be2 Nf8 23. Bf3 h5 24. g3 h4 25. g4 Ne6 26. Bg2 Bc7 27. f4 c5 28. f5 Ng5 29. Nf1 cxd4 30. exd4 Bf4 31. Re1 Rxe1 32. Rxe1 Qc7 33. Qd3 Rc8 34. Nxd5 Bxd5 35. Bxd5 Qc3 36. Qxc3 Rxc3 37. fxg6 fxg6 38. Bg2 Nxh3+ 39. Bxh3 Rxh3 40. Rb1 Ra3 41. Rxb6 Rxa4 42. Kg2 Ra3 43. Rb2 Kh6 44. Nh2 h3+ 0-1

[Event "CZE-ch 2020"]
[Site "Pilsen"]
[Date "2020.08.25"]
[Round "3.17"]
[White "Simek, Petr"]
[Black "Simet, Martin"]
[Result "0-1"]
[ECO "E68"]
[WhiteElo "2324"]
[BlackElo "2194"]
[Annotator "ChessBase"]
[PlyCount "50"]
[EventDate "2020.08.23"]
[EventType "swiss"]
[EventCountry "CZE"]
[SourceTitle "playchess.com"]
[Source "ChessBase"]
[SourceQuality "1"]
[TimeControl "40/5400+30:1800+30"]

1. c4 d6 2. Nc3 g6 3. g3 Bg7 4. Bg2 Nf6 5. Nf3 O-O 6. O-O e5 7. d4 Nbd7 8. e4 a6 9. Qc2 Rb8 10. Rd1 Re8 11. dxe5 dxe5 12. h3 c6 13. Be3 b5 14. c5 a5 15. a4 b4 16. Nb1 b3 17. Qd3 Qe7 18. Nfd2 Nxc5 19. Qc3 Nfd7 20. Qxa5 Ba6 21. Ra3 Bd3 22. Rc1 Bc2 23. Qc3 Nd3 24. Rf1 Qe6 25. Nc4 Bf8 0-1

[Event "CZE-ch 2020"]
[Site "Pilsen"]
[Date "2020.08.25"]
[Round "3.18"]
[White "Flajsman, Pavel"]
[Black "Stinka, Jakub"]
[Result "1-0"]
[ECO "B86"]
[WhiteElo "2184"]
[BlackElo "2299"]
[Annotator "ChessBase"]
[PlyCount "71"]
[EventDate "2020.08.23"]
[EventType "swiss"]
[EventCountry "CZE"]
[SourceTitle "playchess.com"]
[Source "ChessBase"]
[SourceQuality "1"]
[TimeControl "40/5400+30:1800+30"]

1. e4 c5 2. Nf3 d6 3. d4 cxd4 4. Nxd4 Nf6 5. Nc3 e6 6. Bc4 Be7 7. Be3 a6 8. Bb3 O-O 9. Qe2 b5 10. f3 Bb7 11. g4 Nfd7 12. O-O-O Nc5 13. Rhg1 Nbd7 14. g5 Rc8 15. a3 Nb6 16. Kb1 Nxb3 17. cxb3 d5 18. exd5 Nxd5 19. Nxd5 Bxd5 20. Bf4 Bd6 21. Be5 Bxe5 22. Qxe5 Qc7 23. Qxc7 Rxc7 24. Rge1 Rd7 25. f4 Rfd8 26. Rc1 Rd6 27. Re3 g6 28. Nf3 Bxf3 29. Rxf3 Rd3 30. Rxd3 Rxd3 31. Rc3 Rd4 32. Rc6 a5 33. Rc5 Rxf4 34. Rxb5 h5 35. Rxa5 h4 36. b4 1-0

[Event "CZE-ch 2020"]
[Site "Pilsen"]
[Date "2020.08.25"]
[Round "3.20"]
[White "Klement, Lukas"]
[Black "Nagy, Ladislav"]
[Result "1-0"]
[ECO "A14"]
[WhiteElo "2260"]
[BlackElo "2150"]
[Annotator "ChessBase"]
[PlyCount "89"]
[EventDate "2020.08.23"]
[EventType "swiss"]
[EventCountry "CZE"]
[SourceTitle "playchess.com"]
[Source "ChessBase"]
[SourceQuality "1"]
[TimeControl "40/5400+30:1800+30"]

1. Nf3 Nf6 2. c4 e6 3. g3 d5 4. Bg2 Be7 5. O-O O-O 6. d4 dxc4 7. Qa4 a6 8. Qxc4 b5 9. Qc2 Bb7 10. Bf4 Nc6 11. Nbd2 Nxd4 12. Nxd4 Bxg2 13. Nxe6 fxe6 14. Kxg2 c5 15. Nf3 Qb6 16. Be5 Rad8 17. a4 Nd5 18. axb5 axb5 19. Qe4 Bf6 20. Rfd1 Bxe5 21. Qxe5 h6 22. Rd3 Nf6 23. Rda3 Rd5 24. Qe3 Rd6 25. Ra6 Qc7 26. Ra7 Qc6 27. R1a6 Qd5 28. Rxd6 Qxd6 29. h3 Re8 30. Qa3 Qc6 31. Qa5 e5 32. Rc7 Qd5 33. Qa7 Nh5 34. Qxc5 Qa8 35. Ra7 Qe4 36. Qxb5 Qg6 37. e4 Nf6 38. Qc4+ Kh8 39. Ra4 h5 40. h4 Ng4 41. Ra6 Nf6 42. Ng5 Rb8 43. Qc7 Qe8 44. Rxf6 gxf6 45. Qh7# 1-0

[Event "CZE-ch 2020"]
[Site "Pilsen"]
[Date "2020.08.25"]
[Round "3.21"]
[White "Brozka, Karel"]
[Black "Svanda, Ondrej"]
[Result "1/2-1/2"]
[ECO "A57"]
[WhiteElo "1991"]
[BlackElo "2250"]
[Annotator "ChessBase"]
[PlyCount "38"]
[EventDate "2020.08.23"]
[EventType "swiss"]
[EventCountry "CZE"]
[SourceTitle "playchess.com"]
[Source "ChessBase"]
[SourceQuality "1"]
[TimeControl "40/5400+30:1800+30"]

1. d4 Nf6 2. c4 c5 3. d5 b5 4. Nd2 e6 5. dxe6 fxe6 6. e4 bxc4 7. e5 Nd5 8. Nxc4 Nc6 9. Bd3 g6 10. Qg4 Be7 11. Bxg6+ hxg6 12. Qxg6+ Kf8 13. h4 Nd4 14. Bh6+ Rxh6 15. Qxh6+ Kg8 16. Qg6+ Kh8 17. Qh6+ Kg8 18. Qg6+ Kh8 19. Qh6+ Kg8 1/2-1/2

[Event "CZE-ch 2020"]
[Site "Pilsen"]
[Date "2020.08.25"]
[Round "3.22"]
[White "Bartos, Jan"]
[Black "Novotny, Michal"]
[Result "0-1"]
[ECO "A43"]
[WhiteElo "2131"]
[BlackElo "2246"]
[Annotator "ChessBase"]
[PlyCount "40"]
[EventDate "2020.08.23"]
[EventType "swiss"]
[EventCountry "CZE"]
[SourceTitle "playchess.com"]
[Source "ChessBase"]
[SourceQuality "1"]
[TimeControl "40/5400+30:1800+30"]

1. d4 Nf6 2. Nf3 c5 3. d5 b5 4. c3 Bb7 5. e4 Nxe4 6. Bxb5 e6 7. dxe6 fxe6 8. O-O Be7 9. Ne5 O-O 10. Nxd7 Bh4 11. Be3 Nxf2 12. Bxf2 Bxf2+ 13. Rxf2 Rxf2 14. Kxf2 Nxd7 15. Bxd7 Qg5 16. Bxe6+ Kh8 17. Bh3 Rf8+ 18. Kg1 Qe3+ 19. Kh1 Qxh3 20. Qe2 Qxg2+ 0-1

[Event "CZE-ch 2020"]
[Site "Pilsen"]
[Date "2020.08.25"]
[Round "3.23"]
[White "Nemec, Pavel"]
[Black "Kopriva, Martin"]
[Result "1-0"]
[ECO "B06"]
[WhiteElo "2243"]
[BlackElo "2079"]
[Annotator "ChessBase"]
[PlyCount "73"]
[EventDate "2020.08.23"]
[EventType "swiss"]
[EventCountry "CZE"]
[SourceTitle "playchess.com"]
[Source "ChessBase"]
[SourceQuality "1"]
[TimeControl "40/5400+30:1800+30"]

1. e4 g6 2. d4 Bg7 3. Nc3 d6 4. Be3 a6 5. Nf3 b5 6. a4 b4 7. Nd5 Bb7 8. Nxb4 Bxe4 9. Bd3 Bb7 10. a5 Nf6 11. c4 e5 12. dxe5 dxe5 13. Be2 Qe7 14. Qa4+ Nbd7 15. c5 Nd5 16. Nxd5 Bxd5 17. Rd1 c6 18. b4 O-O 19. O-O f5 20. Rxd5 cxd5 21. c6 d4 22. Bc4+ Kh8 23. Bg5 Nf6 24. Re1 e4 25. Nxd4 Qd6 26. Ne6 Rfc8 27. Rd1 Qxc6 28. Rd8+ Ng8 29. Qxc6 Rxc6 30. Rxa8 Rxc4 31. Rxa6 Rxb4 32. g3 h6 33. Be3 Nf6 34. Ra7 Nh5 35. Nxg7 Nxg7 36. Ra8+ Kh7 37. a6 1-0

[Event "CZE-ch 2020"]
[Site "Pilsen"]
[Date "2020.08.25"]
[Round "3.24"]
[White "Kusa, Jakub"]
[Black "Vojta, Jakub"]
[Result "1-0"]
[ECO "B33"]
[WhiteElo "2239"]
[BlackElo "2093"]
[Annotator "ChessBase"]
[PlyCount "107"]
[EventDate "2020.08.23"]
[EventType "swiss"]
[EventCountry "CZE"]
[SourceTitle "playchess.com"]
[Source "ChessBase"]
[SourceQuality "1"]
[TimeControl "40/5400+30:1800+30"]

1. e4 c5 2. Nf3 Nc6 3. d4 cxd4 4. Nxd4 Nf6 5. Nc3 e5 6. Ndb5 d6 7. Bg5 a6 8. Na3 b5 9. Nd5 Be7 10. Nxe7 Nxe7 11. Bd3 d5 12. exd5 Qxd5 13. Qd2 Ne4 14. Qe3 Nxg5 15. Qxg5 Qc5 16. O-O-O O-O 17. Rhe1 Nc6 18. Be4 Be6 19. Qe3 Qxe3+ 20. Rxe3 Rac8 21. Bxc6 Rxc6 22. Rxe5 Rfc8 23. c3 b4 24. Nc2 bxc3 25. b3 f6 26. Re3 Bf7 27. Red3 Bg6 28. Rd8+ Rxd8 29. Rxd8+ Kf7 30. Rd7+ Kg8 31. Nd4 Rc8 32. f4 Be4 33. Ne6 g6 34. g3 Bf5 35. Rg7+ Kh8 36. Re7 Kg8 37. Nd4 Bg4 38. Kc2 g5 39. Re3 Kf7 40. Rxc3 Rd8 41. Kd3 Bf5+ 42. Ke3 Bb1 43. fxg5 fxg5 44. Rc7+ Kg8 45. a3 Re8+ 46. Kd2 Bg6 47. a4 g4 48. b4 Rf8 49. b5 axb5 50. axb5 Be4 51. Ke3 Bd5 52. Nc6 Re8+ 53. Kd4 Bf3 54. b6 1-0

[Event "CZE-ch 2020"]
[Site "Pilsen"]
[Date "2020.08.25"]
[Round "3.25"]
[White "Kawulok, Marek"]
[Black "Paseka, Matyas"]
[Result "0-1"]
[ECO "B31"]
[WhiteElo "2226"]
[BlackElo "1959"]
[Annotator "ChessBase"]
[PlyCount "52"]
[EventDate "2020.08.23"]
[EventType "swiss"]
[EventCountry "CZE"]
[SourceTitle "playchess.com"]
[Source "ChessBase"]
[SourceQuality "1"]
[TimeControl "40/5400+30:1800+30"]

1. e4 c5 2. Nf3 Nc6 3. Bb5 g6 4. Bxc6 dxc6 5. d3 Bg7 6. h3 Nf6 7. Nc3 e5 8. Be3 Nd7 9. Qd2 h6 10. O-O Qe7 11. Nh2 Nf8 12. f4 exf4 13. Bxf4 g5 14. Bg3 Ng6 15. Rae1 Be6 16. e5 O-O-O 17. Nf3 g4 18. hxg4 Bxg4 19. Ne4 Bxf3 20. Nd6+ Rxd6 21. exd6 Bd4+ 22. Kh2 Qg5 23. Rxf3 Qxd2 24. Rxf7 Be3 25. Rc7+ Kb8 26. d7 Nf4 0-1

[Event "CZE-ch 2020"]
[Site "Pilsen"]
[Date "2020.08.25"]
[Round "3.26"]
[White "Smolik, Jachym"]
[Black "Toman, Ondrej"]
[Result "0-1"]
[ECO "C03"]
[WhiteElo "2121"]
[BlackElo "2233"]
[Annotator "ChessBase"]
[PlyCount "118"]
[EventDate "2020.08.23"]
[EventType "swiss"]
[EventCountry "CZE"]
[SourceTitle "playchess.com"]
[Source "ChessBase"]
[SourceQuality "1"]
[TimeControl "40/5400+30:1800+30"]

1. e4 e6 2. d4 d5 3. Nd2 h6 4. Ngf3 Ne7 5. e5 c5 6. dxc5 Nec6 7. a3 Bxc5 8. b4 Bf8 9. Bb2 Nd7 10. Bd3 g5 11. h3 Bg7 12. Qe2 Qc7 13. O-O Ndxe5 14. Nxe5 Bxe5 15. Bxe5 Qxe5 16. Qh5 Qf6 17. Rae1 Ne5 18. Bb5+ Bd7 19. f4 Bxb5 20. fxe5 Qg6 21. Qxg6 fxg6 22. Rf6 Ke7 23. Nb3 Raf8 24. Rxg6 Be8 25. Rg7+ Rf7 26. Rxf7+ Bxf7 27. Re3 Rc8 28. c3 Bg6 29. Nd4 a5 30. Nb5 axb4 31. axb4 Ra8 32. Nd6 b6 33. Kh2 Ra2 34. Rf3 Re2 35. Nc8+ Kd8 36. Nxb6 Kc7 37. Na4 Be4 38. Rg3 Bf5 39. Nc5 Rxe5 40. Nb3 Re2 41. Nd4 Rd2 42. Re3 Kd6 43. Kg1 Be4 44. Ne2 Rb2 45. g3 h5 46. h4 gxh4 47. gxh4 Ke5 48. Kf2 Kf6 49. Rg3 e5 50. Ke3 Bf5 51. Rf3 Ke6 52. Rf2 Rb1 53. Kd2 Bg4 54. Nc1 Rb2+ 55. Ke1 Rb1 56. Kd2 e4 57. Ne2 Ke5 58. Nd4 Rd1+ 59. Ke3 Rd3# 0-1

[Event "CZE-ch 2020"]
[Site "Pilsen"]
[Date "2020.08.25"]
[Round "3.28"]
[White "Vybiral, Zdenek"]
[Black "Placer, Sebastian"]
[Result "1-0"]
[ECO "D85"]
[WhiteElo "2221"]
[BlackElo "2097"]
[Annotator "ChessBase"]
[PlyCount "109"]
[EventDate "2020.08.23"]
[EventType "swiss"]
[EventCountry "CZE"]
[SourceTitle "playchess.com"]
[Source "ChessBase"]
[SourceQuality "1"]
[TimeControl "40/5400+30:1800+30"]

1. d4 Nf6 2. c4 g6 3. Nc3 d5 4. cxd5 Nxd5 5. Bd2 Bg7 6. e4 Nb6 7. Be3 O-O 8. Bb5 c6 9. Be2 e5 10. Nf3 exd4 11. Nxd4 N8d7 12. O-O Qe7 13. Qc2 Rd8 14. Rad1 Ne5 15. b3 Ng4 16. Bxg4 Bxg4 17. f3 Be6 18. Nce2 Rd7 19. Nxe6 fxe6 20. Rxd7 Qxd7 21. Rd1 Qe8 22. Qd2 Be5 23. a4 Bc7 24. Bg5 a5 25. Ng3 Qf7 26. Nf1 e5 27. Qd3 Re8 28. Ne3 Re6 29. Ng4 Qf8 30. Bh6 Qc5+ 31. Be3 Qe7 32. Qc3 h5 33. Bc5 Qg7 34. Nf2 Nd7 35. Be3 Qe7 36. Qc4 Kg7 37. Qc1 Rd6 38. Rd3 Rxd3 39. Nxd3 Qd6 40. Qc3 Kh7 41. Kf2 Qe6 42. Ke2 b6 43. Bc1 Bd8 44. Qd2 Kg8 45. Nxe5 Qxe5 46. Qxd7 Qf6 47. Kd3 Be7 48. Be3 c5 49. Bd2 Qf7 50. Bc3 Kh7 51. f4 Kg8 52. g3 g5 53. f5 g4 54. Qc6 Kh7 55. Qxb6 1-0

[Event "CZE-ch 2020"]
[Site "Pilsen"]
[Date "2020.08.25"]
[Round "3.29"]
[White "Jun, Rudolf"]
[Black "Eret, Jonas"]
[Result "1/2-1/2"]
[ECO "B00"]
[WhiteElo "2094"]
[BlackElo "2219"]
[Annotator "ChessBase"]
[PlyCount "60"]
[EventDate "2020.08.23"]
[EventType "swiss"]
[EventCountry "CZE"]
[SourceTitle "playchess.com"]
[Source "ChessBase"]
[SourceQuality "1"]
[TimeControl "40/5400+30:1800+30"]

1. e4 d6 2. d4 Nf6 3. Bd3 e5 4. c3 Be7 5. Nf3 Nbd7 6. Nbd2 exd4 7. cxd4 O-O 8. O-O Nb6 9. Re1 c5 10. Nc4 Nxc4 11. Bxc4 Bg4 12. dxc5 dxc5 13. Bf4 Qxd1 14. Raxd1 Rad8 15. e5 Nh5 16. Be3 g6 17. Rxd8 Rxd8 18. Bg5 Kf8 19. Bh6+ Ng7 20. Ng5 Bxg5 21. Bxg5 Rd4 22. b3 b6 23. f3 Be6 24. Be3 Rd8 25. Bg5 Rd4 26. Be3 Rd8 27. Bg5 Rd4 28. Be3 Rd8 29. Bg5 Rd4 30. Be3 Rd8 1/2-1/2

[Event "CZE-ch 2020"]
[Site "Pilsen"]
[Date "2020.08.25"]
[Round "3.30"]
[White "Frank, Adam"]
[Black "Kures, Michael"]
[Result "1-0"]
[ECO "B63"]
[WhiteElo "2219"]
[BlackElo "2019"]
[Annotator "ChessBase"]
[PlyCount "45"]
[EventDate "2020.08.23"]
[EventType "swiss"]
[EventCountry "CZE"]
[SourceTitle "playchess.com"]
[Source "ChessBase"]
[SourceQuality "1"]
[TimeControl "40/5400+30:1800+30"]

1. e4 c5 2. Nf3 Nc6 3. d4 cxd4 4. Nxd4 Nf6 5. Nc3 d6 6. Bg5 e6 7. Qd2 Be7 8. O-O-O O-O 9. f3 a6 10. h4 Qa5 11. Kb1 Nxd4 12. Qxd4 b5 13. Qd2 b4 14. Ne2 h6 15. Nd4 hxg5 16. hxg5 Nxe4 17. fxe4 Qxg5 18. Qf2 a5 19. Be2 g6 20. Rd3 Bb7 21. Rdh3 Bf6 22. Nf5 Bxe4 23. Ne7+ 1-0

[Event "CZE-ch 2020"]
[Site "Pilsen"]
[Date "2020.08.25"]
[Round "3.31"]
[White "Koubova, Anna Marie"]
[Black "Novotny, Martin"]
[Result "1/2-1/2"]
[ECO "D85"]
[WhiteElo "2099"]
[BlackElo "2180"]
[Annotator "ChessBase"]
[PlyCount "65"]
[EventDate "2020.08.23"]
[EventType "swiss"]
[EventCountry "CZE"]
[SourceTitle "playchess.com"]
[Source "ChessBase"]
[SourceQuality "1"]
[TimeControl "40/5400+30:1800+30"]

1. d4 Nf6 2. c4 g6 3. Nc3 d5 4. cxd5 Nxd5 5. e4 Nxc3 6. bxc3 Bg7 7. Nf3 c5 8. Bb5+ Nc6 9. d5 Qa5 10. Rb1 Bxc3+ 11. Bd2 a6 12. Bxc6+ bxc6 13. dxc6 Be6 14. Rc1 Bxd2+ 15. Qxd2 Qb4 16. O-O Qxd2 17. Nxd2 O-O-O 18. Nb3 Bxb3 19. axb3 Rd3 20. Rxc5 Rxb3 21. Ra1 Rb6 22. Rca5 Rxc6 23. Rxa6 Rxa6 24. Rxa6 Kd7 25. Kf1 Rc8 26. Ke2 Rc3 27. Kd2 Rb3 28. Kc2 Rb8 29. Kd3 Rb2 30. Ke3 Ke8 31. Ra8+ Kd7 32. Ra6 Ke8 33. Ra8+ 1/2-1/2

[Event "CZE-ch 2020"]
[Site "Pilsen"]
[Date "2020.08.25"]
[Round "3.32"]
[White "Pychova, Nela"]
[Black "Malinovsky, Petr"]
[Result "1/2-1/2"]
[ECO "A06"]
[WhiteElo "2159"]
[BlackElo "2081"]
[Annotator "ChessBase"]
[PlyCount "44"]
[EventDate "2020.08.23"]
[EventType "swiss"]
[EventCountry "CZE"]
[SourceTitle "playchess.com"]
[Source "ChessBase"]
[SourceQuality "1"]
[TimeControl "40/5400+30:1800+30"]

1. Nf3 d5 2. g3 e6 3. Bg2 Nf6 4. O-O Be7 5. d3 O-O 6. Nbd2 b6 7. c4 Bb7 8. Qc2 c5 9. a3 Nbd7 10. b3 Qc7 11. Bb2 Rad8 12. Rac1 Qb8 13. Qb1 d4 14. b4 e5 15. Ba1 Qa8 16. Nh4 Bxg2 17. Nxg2 Nh5 18. Rc2 f5 19. Rb2 Bg5 20. Nf3 Be7 21. Nd2 Bg5 22. Nf3 Be7 1/2-1/2

[Event "CZE-ch 2020"]
[Site "Pilsen"]
[Date "2020.08.25"]
[Round "3.33"]
[White "Nemec, Jachym"]
[Black "Laurincova, Kristyna"]
[Result "1-0"]
[ECO "D92"]
[WhiteElo "2150"]
[BlackElo "2008"]
[Annotator "ChessBase"]
[PlyCount "63"]
[EventDate "2020.08.23"]
[EventType "swiss"]
[EventCountry "CZE"]
[SourceTitle "playchess.com"]
[Source "ChessBase"]
[SourceQuality "1"]
[TimeControl "40/5400+30:1800+30"]

1. d4 Nf6 2. Nf3 g6 3. c4 Bg7 4. Nc3 d5 5. Bf4 O-O 6. Rc1 c6 7. e3 Qa5 8. Bd3 Ne4 9. Bxe4 dxe4 10. Ng5 f5 11. Qb3 Qb6 12. Nb5 Qa5+ 13. Rc3 c5 14. h4 Nc6 15. O-O e5 16. dxe5 Nxe5 17. Rd1 h6 18. Nh3 Be6 19. Bxe5 Bxe5 20. Rcc1 Rad8 21. Nf4 Bxf4 22. exf4 Rd2 23. Nc3 Rfd8 24. Rxd2 Rxd2 25. Qxb7 Qd8 26. Qc6 Bf7 27. Qxc5 Qxh4 28. Nd5 Rxb2 29. Qd4 e3 30. Nf6+ Qxf6 31. Qxf6 exf2+ 32. Kf1 1-0

[Event "CZE-ch 2020"]
[Site "Pilsen"]
[Date "2020.08.25"]
[Round "3.35"]
[White "Riha, Vojtech"]
[Black "Janous, Marek"]
[Result "1-0"]
[ECO "B20"]
[WhiteElo "2270"]
[BlackElo "1968"]
[Annotator "ChessBase"]
[PlyCount "51"]
[EventDate "2020.08.23"]
[EventType "swiss"]
[EventCountry "CZE"]
[SourceTitle "playchess.com"]
[Source "ChessBase"]
[SourceQuality "1"]
[TimeControl "40/5400+30:1800+30"]

1. e4 c5 2. b4 cxb4 3. a3 bxa3 4. Bxa3 d6 5. d4 g6 6. f4 Bg7 7. Nf3 Nc6 8. c3 a6 9. Bd3 Bd7 10. O-O Rc8 11. e5 dxe5 12. fxe5 Nh6 13. Nbd2 Bf5 14. Ne4 O-O 15. Kh1 Re8 16. Nfg5 Qd5 17. Qe2 Bg4 18. Qe3 Nf5 19. Qf4 h6 20. Qxg4 hxg5 21. Rxf5 gxf5 22. Qxf5 Qe6 23. Nf6+ Bxf6 24. Qh7+ Kf8 25. Bc4 Qxc4 26. exf6 1-0

[Event "CZE-ch 2020"]
[Site "Pilsen"]
[Date "2020.08.25"]
[Round "3.36"]
[White "Turner, Radek"]
[Black "Jezek, Jan"]
[Result "0-1"]
[ECO "A10"]
[WhiteElo "2024"]
[BlackElo "2162"]
[Annotator "ChessBase"]
[PlyCount "116"]
[EventDate "2020.08.23"]
[EventType "swiss"]
[EventCountry "CZE"]
[SourceTitle "playchess.com"]
[Source "ChessBase"]
[SourceQuality "1"]
[TimeControl "40/5400+30:1800+30"]

1. c4 d6 2. g3 c6 3. Bg2 Nf6 4. Nc3 e5 5. e3 Be6 6. b3 Na6 7. Nge2 Be7 8. d4 Qc8 9. h3 h5 10. e4 Nc7 11. Ba3 c5 12. dxe5 dxe5 13. Nd5 Bxd5 14. cxd5 Nb5 15. Bb2 Bd6 16. Rc1 Qd8 17. O-O h4 18. f4 Nd7 19. a4 Nd4 20. Nxd4 cxd4 21. fxe5 Nxe5 22. Bxd4 hxg3 23. Rf5 f6 24. Rh5 Ke7 25. Bxe5 Bxe5 26. Rxe5+ fxe5 27. Qg4 Qb6+ 28. Kh1 Rhg8 29. Qg5+ Qf6 30. Qxg3 Qf4 31. Qc3 Rgc8 32. Qb4+ Ke8 33. Qb5+ Kf8 34. Rc4 Rxc4 35. Qxc4 Qf7 36. Qc5+ Kg8 37. d6 Qf6 38. Qd5+ Kh7 39. Qxb7 Rd8 40. d7 Qd6 41. Qxa7 Rxd7 42. Qf2 Rb7 43. Qf5+ g6 44. Qf3 Kg7 45. Bf1 Rf7 46. Qd3 Qf6 47. Bg2 Rc7 48. Bf1 Qf2 49. Qe2 Qf4 50. a5 Rd7 51. Bg2 Rd2 52. Qf1 Rf2 53. Qd3 Ra2 54. Kg1 Rxa5 55. Bf1 Ra2 56. Be2 Rd2 57. Qf3 Qxf3 58. Bxf3 Rd3 0-1

[Event "CZE-ch 2020"]
[Site "Pilsen"]
[Date "2020.08.25"]
[Round "3.37"]
[White "Babula ml., Vlastimil"]
[Black "Hlozek, David"]
[Result "0-1"]
[ECO "B90"]
[WhiteElo "2138"]
[BlackElo "2037"]
[Annotator "ChessBase"]
[PlyCount "86"]
[EventDate "2020.08.23"]
[EventType "swiss"]
[EventCountry "CZE"]
[SourceTitle "playchess.com"]
[Source "ChessBase"]
[SourceQuality "1"]
[TimeControl "40/5400+30:1800+30"]

1. e4 c5 2. Nf3 d6 3. d4 cxd4 4. Nxd4 Nf6 5. Nc3 a6 6. Be3 e6 7. f3 Qc7 8. Qd2 Nbd7 9. g4 Ne5 10. O-O-O b5 11. a3 Nfd7 12. Kb1 Bb7 13. Qf2 Rc8 14. h4 Nc4 15. Bxc4 Qxc4 16. g5 b4 17. axb4 Qxb4 18. Na2 Qa4 19. h5 Ne5 20. b3 Qd7 21. Qg2 a5 22. f4 Nc6 23. Nc3 Nb4 24. Kb2 d5 25. e5 Nc6 26. g6 hxg6 27. hxg6 Rxh1 28. gxf7+ Qxf7 29. Rxh1 Nxd4 30. Bxd4 Kd7 31. Qf1 Bc6 32. Qd3 Rb8 33. Ra1 Bb4 34. Qe3 Qe7 35. Na4 Bxa4 36. Rxa4 Rb5 37. Qg1 Qf7 38. Qg4 g6 39. Ra1 Qf5 40. Qe2 Kc6 41. Qe3 Rb8 42. c3 Be7 43. Rxa5 Rxb3+ 0-1